 Dungeon Crawl Stone Soup version 0.18.1-51-gd549091e01 (webtiles) character file.

149 magog001 the Covered (level 5, -6/47 HPs)
             Began as a Minotaur Fighter on Aug 24, 2020.
             Mangled by an orc wizard
             ... wielding a +0 dagger of electrocution
              (18 damage)
             ... on level 3 of the Dungeon.
             The game lasted 00:09:05 (1729 turns).

magog001 the Covered (Minotaur Fighter)             Turns: 1729, Time: 00:09:05

Health: -6/47      AC:  9    Str: 25 (27) XL:     5   Next: 9%
Magic:  4/4        EV:  6    Int:  4 (5)  God:
Gold:   57         SH:  0    Dex:  9      Spells: 0 memorised, 4 levels left

rFire  + . .     SeeInvis .     a - +0 war axe
rCold  x . .     Gourm    .     r - +0 chain mail
rNeg   . . .     Faith    .     c - +0 shield
rPois  .         Spirit   .     (helmet restricted)
rElec  .         Dismiss  .     (no cloak)
rCorr  .         Reflect  .     (no gloves)
SustAt .         Harm     .     (no boots)
MR     .....                    (no amulet)
Stlth  ..........               (no ring)
                                k - ring of fire

@: confused, mighty, not resistant to hostile enchantments, extremely unstealthy
A: retaliatory headbutt, horns 2
a: no special abilities


You were on level 3 of the Dungeon.
You were not hungry.

You visited 1 branch of the dungeon, and saw 3 of its levels.

You collected 57 gold pieces.

Inventory:

Hand Weapons
 a - a +0 war axe (weapon)
Missiles
 j - 13 poisoned needles
 m - 16 sling bullets
Armour
 c - a +0 shield (worn)
 r - a +0 chain mail (worn)
Jewellery
 k - a ring of fire (left hand)
Scrolls
 h - a scroll of blinking {unknown}
 n - a scroll of magic mapping {unknown}
 o - a scroll of teleportation {unknown}
 q - 3 scrolls of identify {unknown}
 v - a scroll of remove curse {unknown}
Comestibles
 f - 2 bread rations
 g - 17 chunks of flesh
 w - a beef jerky


   Skills:
 * Level 4.5 Fighting
 * Level 3.7 Axes
 * Level 5.0 Armour
 * Level 4.6 Shields


You had 4 spell levels left.
You didn't know any spells.

Dungeon Overview and Level Annotations

Branches:
Dungeon (3/15)

Altars:
Elyvilon
Pakellas


Innate Abilities, Weirdness & Mutations

You reflexively headbutt those who attack you in melee.
You have a pair of horns on your head.


Message History

You are confused.
The orc hits you with a club.
Drink which item? (? for menu, Esc to quit)
You feel very mighty all of a sudden. The orc wizard barely misses you.
The orc hits you but does no damage.
You miss the orc wizard. You headbutt the orc wizard!
The orc wizard is severely wounded.
You miss the orc. You closely miss the orc. You miss the orc.
The orc barely misses you. x2
The orc wizard hits you but does no damage.
The orc barely misses you. The orc hits you with a club.
The orc hits you with a falchion.
You bump into the rock wall.
The orc wizard hits you but does no damage.
The orc closely misses you. The orc hits you with a club.
You're too confused to move!
The orc hits you with a falchion.
* * * LOW HITPOINT WARNING * * *
The orc wizard hits you but does no damage.
You are electrocuted!
You die...

.. ...... #.# .......# ..
.......# #.# #.#.#.# ..#
|.[..###.# #.#..##oo##.#
#.#...o@o...#
#.._...###### ####....#
...#....# .........##
###.#.....# #.......#
#########
##......########........
#........)...............


You could see an orc wizard and 3 orcs.

Vanquished Creatures
  A hound (D:3)
  4 adders
  A worm (D:3)
  4 dart slugs
  2 giant geckos
  4 orcs (D:3)
  2 giant cockroaches (D:2)
  10 goblins
  8 hobgoblins
  4 jackals (D:1)
  13 bats
  7 giant newts
  3 kobolds (D:1)
  5 rats
68 creatures vanquished.

Notes
Turn   | Place    | Note
--------------------------------------------------------------
     0 | D:1      | magog001 the Minotaur Fighter began the quest for the Orb.
     0 | D:1      | Reached XP level 1. HP: 19/19 MP: 0/0
   235 | D:1      | Reached XP level 2. HP: 20/27 MP: 1/1
   254 | D:1      | Reached skill level 4 in Armour
   428 | D:1      | Reached XP level 3. HP: 28/33 MP: 2/2
  1410 | D:2      | Reached XP level 4. HP: 37/40 MP: 3/3
  1591 | D:3      | Found a white marble altar of Elyvilon.
  1641 | D:3      | Reached skill level 5 in Armour
  1692 | D:3      | Reached XP level 5. HP: 47/47 MP: 4/4
  1696 | D:3      | Found an oddly glowing altar of Pakellas.
  1729 | D:3      | Mangled by an orc wizard

Skill      XL: |  1  2  3  4 |
---------------+-------------+-----
Armour         | 4 5 |  5.0
Shields        | 4 |  4.6
Fighting       | 4 |  4.5
Axes           | 3 |  3.7

Action                   |  1- 3 |  4- 6 || total
-------------------------+-------+-------++-------
Melee: War axe           |   108 |    41 ||   149
       Headbutt          |    10 |     7 ||    17
  Use: Potion            |       |     8 ||     8
 Stab: Invisible         |       |     2 ||     2
  Eat: Chunk             |     2 |     1 ||     3
Armor: Scale mail        |    79 |     6 ||    85
       Chain mail        |       |    24 ||    24
Dodge: Dodged            |    63 |    19 ||    82
Block: Shield            |    93 |    23 ||   116
